 Dungeon Crawl Stone Soup version 0.26.1-11-gd32895ea62 (webtiles) character file.

Game seed: 195488915252667052

95 Almogavar the Firebug (level 4, -3/30 HPs)
             Began as a Demonspawn Fire Elementalist on July 14, 2021.
             Slain by a gnoll
             ... wielding a +2 whip of flaming
              (12 damage)
             ... on level 2 of the Dungeon.
             The game lasted 00:07:27 (2426 turns).

Almogavar the Firebug (DsFE)                        Turns: 2426, Time: 00:07:28

Health: -3/30      AC:  4    Str:  8    XL:     4   Next: 40%
Magic:  0/8        EV: 12    Int: 17    God:
Gold:   49         SH:  4    Dex: 14    Spells: 7/8 levels left

rFire    + . .     SeeInvis .   b - +0 spear
rCold    . . .     Faith    .   (no shield)
rNeg     + . .     Spirit   .   a - +0 robe
rPois    .         Reflect  .   e - +0 helmet
rElec    .         Harm     .   (no cloak)
rCorr    .         Rampage  .   o - +0 pair of gloves
Will     .....                  (no boots)
Stlth    ++........             (no amulet)
HPRegen  0.10/turn              h - ring of positive energy
MPRegen  0.11/turn              (no ring)

@: no status effects
A: large bone plates 1, fire resistance 1
a: no special abilities


You were on level 2 of the Dungeon.
You visited 1 branch of the dungeon, and saw 2 of its levels.

You collected 49 gold pieces.

Inventory:

Hand Weapons
 b - a +0 spear (weapon)
 p - a +3 mace of protection
Missiles
 g - 36 stones
 i - 38 sling bullets
Armour
 a - a +0 robe (worn)
 d - a cursed +0 buckler
 e - a +0 helmet (worn)
 f - a +0 ring mail
 k - a cursed +0 leather armour
 o - a +0 pair of gloves (worn)
Jewellery
 h - a ring of positive energy (left hand)
Scrolls
 j - a scroll of remove curse {unknown}
 l - a scroll of fear {unknown}
 n - a scroll of enchant weapon {unknown}
Potions
 c - 2 potions of lignification {unknown}
 m - a potion of ambrosia {unknown}


   Skills:
 + Level 2.1 Dodging
 + Level 2.2 Stealth
 + Level 0.1 Shields
 + Level 2.8 Spellcasting
 + Level 1.4 Conjurations
 + Level 3.7 Fire Magic


You had 7 spell levels left.
You knew the following spells:

 Your Spells              Type           Power        Failure   Level
a - Foxfire               Conj/Fire      44%          6%          1

Your spell library contained the following spells:

 Spells                   Type           Power        Failure   Level
 Conjure Flame            Conj/Fire      11%          19%         3
 Inner Flame              Hex/Fire       8%           26%         3
 Sticky Flame             Conj/Fire      11%          52%         4
 Fireball                 Conj/Fire      5%           86%         5


Dungeon Overview and Level Annotations

Branches:
Dungeon (2/15)

Altars:


Innate Abilities, Weirdness & Mutations

You are partially covered in large bone plates. (SH +4)
Your flesh is heat resistant. (rF+)


Message History

You block the gnoll's attack.
The foxfire hits the gnoll.
The gnoll is lightly wounded.
The foxfire hits the gnoll.
The gnoll is severely wounded.
You block the gnoll's attack. The gnoll closely misses you.
Casting: Foxfire (safe; 6% risk of failure)
Confirm with . or Enter, or press ? or * to list all spells.
You conjure some foxfire!
You block the gnoll's attack. The gnoll closely misses you.
The foxfire hits the gnoll.
The gnoll is almost dead.
The foxfire hits the gnoll.
The gnoll is moderately wounded.
The gnoll closely misses you.
Casting: Foxfire (safe; 6% risk of failure)
Confirm with . or Enter, or press ? or * to list all spells.
You conjure some foxfire!
You block the gnoll's attack.
The gnoll hits you with a +2 whip of flaming!
You die...

##### #...# #.).#
#####...#################..
#>..'......v@.)............
#####.###......vgg#######....g.
#......##.........# .....
#......###........####### ..#.
#......#####..).......... .#
#...............)........ ..
#.....)..รท...####........ #
#..>...####..# #........
#......# #..# #........


You could see 2 gnolls.

Vanquished Creatures
  2 gnolls (D:2)
  2 adders (D:2)
  2 oozes (D:1)
  2 worms (D:2)
  2 leopard geckos (D:1)
  2 ball pythons (D:1)
  A giant cockroach (D:1)
  3 goblins
  10 hobgoblins
  3 jackals (D:2)
  3 bats
  3 frilled lizards
  4 kobolds
  2 rats (D:1)
41 creatures vanquished.

Vanquished Creatures (collateral kills)
  A foxfire (D:1)
1 creature vanquished.

Vanquished Creatures (others)
  136 foxfires
136 creatures vanquished.

Grand Total: 178 creatures vanquished

Notes
Turn   | Place    | Note
-------+----------+-------------------------------------------
     0 | D:1      | Almogavar the Demonspawn Fire Elementalist began the quest
                  | for the Orb.
     0 | D:1      | Reached XP level 1. HP: 13/13 MP: 3/3
   268 | D:1      | Reached skill level 3 in Fire Magic
   268 | D:1      | Gained mutation: You are partially covered in large bone
                  | plates. (SH +4) [demonic ancestry]
   268 | D:1      | Reached XP level 2. HP: 19/19 MP: 3/5
   919 | D:1      | Reached XP level 3. HP: 24/24 MP: 4/6
  2068 | D:2      | Gained mutation: Your flesh is heat resistant. (rF+)
                  | [demonic ancestry]
  2068 | D:2      | Reached XP level 4. HP: 26/30 MP: 2/7
  2426 | D:2      | Slain by a gnoll

Illustrated notes

Levels and vault maps discovered:
D:1:      minmay_arrival_doors, layout_basic, serial_forest,
          infiniplex_forest_zigzag_2, infiniplex_forest_clump_medium,
          infiniplex_forest_clump_cross, infiniplex_forest_clump_tiny,
          infiniplex_forest_straight_5, infiniplex_forest_lined_2,
          infiniplex_forest_clump_tiny, infiniplex_forest_lined_corner,
          infiniplex_forest_clump_double, infiniplex_forest_end_double
D:2:      layout_basic, kennysheep_okawaru_gauntlet

Skill      XL: |  1  2 |
---------------+-------+-----
Fire Magic     | 3 |  3.7
Dodging        | 2 |  2.1
Stealth        | 2 |  2.2
Shields        | |  0.1
Spellcasting   | |  2.8
Conjurations   | |  1.4

Action                   |  1- 3 |  4- 6 || total
-------------------------+-------+-------++-------
Melee: Spear             |     5 |     1 ||     6
 Cast: Foxfire           |    58 |    25 ||    83
 Stab: Sleeping          |     1 |       ||     1
Armor: Robe              |     5 |     1 ||     6
Dodge: Dodged            |    17 |     6 ||    23
Block: Other             |     4 |     5 ||     9
